 Dungeon Crawl Stone Soup version 0.28.0-43-g3370ac3207 (webtiles) character file.

Game seed: 14018523352936957461

3698 joshe the Fighter (level 10, -6/105 (107) HPs)
             Began as an Ogre Transmuter on Mar 14, 2022.
             Was a Believer of Sif Muna.
             Mangled by a hornet (12 damage)
             ... while paralysed by a hornet
             ... on level 7 of the Dungeon.
             The game lasted 01:40:35 (11301 turns).

joshe the Fighter (Ogre Transmuter)                Turns: 11301, Time: 01:40:36

HP:   -6/105 (107)  AC:  4    Str: 16    XL:     10   Next: 13%
MP:   19/19         EV:  1    Int: 18    God:    Sif Muna [**....]
Gold: 203           SH:  0    Dex:  9    Spells: 12/22 levels left

rFire   + + +      SeeInvis +   p - +4 dagger of Bextytak {vorpal, *Noise Fly rF+++ rN+}
rCold   . . .      Faith    .   (no shield)
rNeg    + . .      Spirit   .   a - +1 robe
rPois   .          Reflect  .   (helmet restricted)
rElec   .          Harm     .   (no cloak)
rCorr   .          Rampage  .   (gloves unavailable)
Will    +....                   (boots unavailable)
Stlth   ++........              (no amulet)
HPRegen 0.27/turn               A - ring of see invisible
MPRegen 0.16/turn               (no ring)

@: paralysed, lethally poisoned (-6 -> -62), flying, slowed, studying Dodging,
lightly drained, invisible
A: large, unfitting armour, tough skin 1
a: Renounce Religion, Channel Magic


You were on level 7 of the Dungeon.
You worshipped Sif Muna.
Sif Muna was pleased with you.
You visited 1 branch of the dungeon, and saw 8 of its levels.
You also visited: Ossuary.

You collected 306 gold pieces.
You spent 103 gold pieces at shops.

Inventory:

Hand Weapons
 c - a +0 short sword
 f - a +1 hunting sling
 m - a +0 dagger
 p - the +4 dagger of Bextytak (weapon) {vorpal, *Noise Fly rF+++ rN+}
   (You found it on level 4 of the Dungeon)

   It inflicts extra damage upon your enemies.
   rF:        It renders you almost immune to fire.
   rN:        It protects you from negative energy.
   Fly:       It grants you flight.
   *Noise:    It may make noises in combat.
 x - a +2 flail of protection
Missiles
 b - 12 poisoned darts
 e - 233 stones (quivered)
 l - 69 sling bullets
Armour
 a - a +1 robe (worn)
Jewellery
 A - a ring of see invisible (left hand)
Wands
 r - a wand of digging (10)
 w - a wand of flame (7)
 E - a wand of mindburst (10)
Scrolls
 g - 3 scrolls of teleportation
 i - a scroll of amnesia
 o - a scroll of magic mapping
 s - 2 scrolls of immolation
 t - a scroll of blinking {unknown}
 v - 3 scrolls of enchant weapon
 y - a scroll of summoning
Potions
 d - 2 potions of lignification
 h - 3 potions of flight
 k - 4 potions of curing
 n - 3 potions of brilliance
 q - 2 potions of attraction {unknown}
 u - a potion of mutation
 z - a potion of heal wounds
 B - a potion of ambrosia {unknown}
 C - a potion of degeneration {unknown}
 D - 2 potions of berserk rage {unknown}


   Skills:
 - Level 9.0 Fighting
 - Level 9.0 Dodging
 - Level 2.0 Stealth
 - Level 5.0 Unarmed Combat
 + Level 6.6 Spellcasting
 - Level 5.0 Transmutations
 - Level 3.0 Ice Magic
 - Level 2.0 Poison Magic
 - Level 2.0 Invocations


You had 12 spell levels left.
You knew the following spells:

 Your Spells              Type           Power      Damage    Failure   Level
a - Beastly Appendage     Tmut           46%        N/A       1%          1
b - Wereblood             Tmut           23%        N/A       2%          2
c - Spider Form           Tmut/Pois      18%        N/A       9%          3
d - Ice Form              Ice/Tmut       20%        N/A       22%         4

Your spell library contained the following spells:

 Spells                   Type           Power      Damage    Failure   Level
 Confusing Touch          Hex            5%         N/A       34%         3
 Passage of Golubria      Tloc           5%         N/A       75%         4
 Yara's Violent Unravell  Hex/Tmut       7%         3d5       75%         5
 Fireball                 Conj/Fire      2%         3d4       97%         5
 Silence                  Hex/Air        2%         N/A       97%         5
 Starburst                Conj/Fire      2%         6d3       100%        6
 Enfeeble                 Hex            2%         N/A       100%        7
 Ignition                 Fire           2%         3d3       100%        8
 Lehudib's Crystal Spear  Conj/Erth      2%         10d2      100%        8


Dungeon Overview and Level Annotations

Branches:
Dungeon (8/15)             Temple (0/1) D:7         Ossuary (visited)
   Lair: D:8-11

Altars:
Nemelex Xobeh
Sif Muna
Vehumet

Shops:
D:4 (?   D:5 *   D:8 (

Annotations:
D:3 3 runed translucent doors, NoSkeletonsAllowed's ghost, amateur DrTm; Soldner's ghost, amateur GnWn
D:5 3 runed translucent doors, styxcanada's ghost, novice SpBr
D:6 3 runed translucent doors, DemonSlayer's ghost, novice DEFE


Innate Abilities, Weirdness & Mutations

You are too large for most types of armour.
You have tough skin. (AC +1)


Message History

The floor.
You fade into invisibility!
The hornet stings you!
You feel as though you will be slow longer.
The water moccasin barely misses you. The hornet stings you!
You are poisoned.
You feel as though you will be slow longer.
The water moccasin misses you. The hornet closely misses you.
You feel very sick. The water moccasin closely misses you.
The hornet stings you!
You feel as though you will be slow longer.
You feel sick. The water moccasin bites you!
You feel sick. The water moccasin bites you.
You are more poisoned.
The water moccasin poisons you!
You feel very sick. The water moccasin bites you!
You are more poisoned.
The water moccasin poisons you! The water moccasin misses you.
The hornet stings you.
* * * LOW HITPOINT WARNING * * *
You suddenly lose the ability to move!
* * * LOW HITPOINT WARNING * * *
You feel very sick. The hornet stings you.
* * * LOW HITPOINT WARNING * * *
You are more poisoned.
You feel as though you will be slow longer.
The water moccasin bites you.
* * * LOW HITPOINT WARNING * * *
You are more poisoned.
The water moccasin poisons you!
* * * LOW HITPOINT WARNING * * *
You feel extremely sick.
The hornet stings you but does no damage.
The water moccasin bites you.
* * * LOW HITPOINT WARNING * * *
You are more poisoned.
The water moccasin poisons you! The hornet stings you!
You die...

#.# #.####.#######
#............#######
######.#####.......# #.#
#.#####.# #.# #.#
########.# #.#####.#
#.....S.)#####.......#
.>.........y@.>.....####..#
.#####.############## #. #.
#. #. #. ...


You could see a hornet and a water moccasin.

Vanquished Creatures
  A boulder beetle (D:6)
  A centaur zombie (D:6)
  A komodo dragon (D:5)
  Sigmund (D:3)
  2 water moccasins (D:6)
  2 ice beasts (D:6)
  A sky beast (D:6)
  A black bear (D:5)
  5 ogres
  A necrophage (D:6)
  2 phantoms (D:5)
  Blork the orc (D:5)
  4 scorpions
  2 water moccasin zombies (Ossuary)
  A howler monkey (D:3)
  3 orc priests
  A hound (D:6)
  A jelly (D:8)
  A centaur skeleton (D:6)
  2 iguanas
  3 orc wizards
  A killer bee zombie (D:8)
  2 mummies (Ossuary)
  A howler monkey zombie (D:6)
  Robin (D:3)
  3 gnolls (D:4)
  9 adders
  3 white imps
  An ufetubus (D:6)
  An adder skeleton (D:4)
  7 adder zombies (Ossuary)
  2 worms (D:2)
  6 dart slugs
  12 orcs
  4 ball pythons
  10 endoplasms
  A giant cockroach (D:1)
  13 goblins
  9 hobgoblins
  7 jackals (D:1)
  10 quokkas
  10 bats
  5 gnoll zombies (Ossuary)
  A goblin zombie (D:8)
  3 hobgoblin zombies (Ossuary)
  6 kobolds
  2 kobold zombies (Ossuary)
  3 orc zombies (Ossuary)
  A quokka skeleton (D:4)
  A quokka zombie (D:8)
  8 rats
180 creatures vanquished.

Vanquished Creatures (others)
  A centaur skeleton (D:5)
  A fungus (D:5)
  3 plants (D:5)
5 creatures vanquished.

Grand Total: 185 creatures vanquished

Notes
Turn   | Place    | Note
-------+----------+-------------------------------------------
     0 | D:1      | joshe the Ogre Transmuter began the quest for the Orb.
     0 | D:1      | Reached XP level 1. HP: 19/19 MP: 3/3
   155 | D:1      | Reached XP level 2. HP: 17/27 MP: 3/5
   344 | D:1      | Learned a level 2 spell: Wereblood
   624 | D:1      | Reached XP level 3. HP: 31/33 MP: 3/6
   798 | D:1      | Learned a level 3 spell: Spider Form
  1727 | D:2      | Reached XP level 4. HP: 41/41 MP: 1/8
  1807 | D:2      | Found a shimmering blue altar of Sif Muna.
  1917 | D:2      | Became a worshipper of Sif Muna the Loreminder
  2242 | D:3      | Found a runed translucent gate.
  2242 | D:3      | Found a runed translucent gate.
  2242 | D:3      | Found a runed translucent gate.
  2270 | D:3      | Noticed Sigmund
  2362 | D:3      | Reached skill level 1 in Stealth
  3010 | D:2      | Reached XP level 5. HP: 18/48 MP: 5/9
  3548 | D:3      | Learned a level 4 spell: Ice Form
  4077 | D:4      | Found Quacet's Magic Scroll Shop.
  4083 | D:4      | Bought a scroll of magic mapping for 35 gold pieces
  4083 | D:4      | Bought a scroll of identify for 20 gold pieces
  4083 | D:4      | Bought a scroll of identify for 20 gold pieces
  4122 | D:4      | Found Cymeaxir's Weapon Boutique.
  4546 | D:4      | Reached * piety under Sif Muna
  4618 | D:4      | Noticed an ogre
  4662 | D:4      | Killed an ogre
  4663 | D:4      | Reached skill level 5 in Unarmed Combat
  4663 | D:4      | Reached XP level 6. HP: 61/61 MP: 6/10
  4813 | D:4      | Identified the +4 dagger of Bextytak {vorpal, *Noise Fly
                  | rF+++ rN+}
  5410 | D:4      | Found a sparkling altar of Nemelex Xobeh.
  5722 | D:3      | Noticed Robin
  5728 | D:3      | Killed Sigmund
  5729 | D:3      | Reached XP level 7. HP: 46/67 MP: 8/11
  5741 | D:3      | Killed Robin
  5865 | D:3      | Noticed NoSkeletonsAllowed's ghost (amateur DrTm)
  5866 | D:3      | Noticed Soldner's ghost (amateur GnWn)
  5917 | D:3      | Reached skill level 1 in Poison Magic
  6020 | D:5      | Entered Level 5 of the Dungeon
  6160 | D:5      | Reached skill level 1 in Ice Magic
  6527 | D:5      | Found Fimiq's General Store.
  6567 | D:5      | Reached XP level 8. HP: 40/75 MP: 9/14
  6748 | D:5      | Bought a scroll of identify for 28 gold pieces
  6813 | D:5      | Noticed a komodo dragon
  6856 | D:5      | Noticed Blork the orc
  6887 | D:5      | Killed Blork the orc
  7295 | D:5      | Killed a komodo dragon
  7296 | D:5      | Reached skill level 5 in Spellcasting
  7575 | D:5      | Found a radiant altar of Vehumet.
  7575 | D:5      | Found a runed translucent gate.
  7585 | D:5      | Noticed styxcanada's ghost (novice SpBr)
  7586 | D:5      | Found a runed translucent gate.
  7586 | D:5      | Found a runed translucent gate.
  7774 | D:5      | Reached skill level 5 in Transmutations
  8329 | D:6      | Found a runed translucent gate.
  8330 | D:6      | Found a runed translucent gate.
  8331 | D:6      | Found a runed translucent gate.
  8333 | D:6      | Noticed DemonSlayer's ghost (novice DEFE)
  8373 | D:6      | Reached skill level 5 in Fighting
  8428 | D:6      | Reached skill level 5 in Dodging
  8428 | D:6      | Reached XP level 9. HP: 40/89 MP: 14/16
  9061 | D:6      | Reached ** piety under Sif Muna
  9328 | D:6      | Noticed a boulder beetle
  9391 | D:6      | Killed a boulder beetle
  9539 | D:6      | Found a shimmering blue altar of Sif Muna.
  9596 | D:6      | Reached XP level 10. HP: 107/107 MP: 19/19
 10119 | D:7      | Found a staircase to the Ecumenical Temple.
 10146 | D:7      | You fall into a shaft and drop 1 floor!
 10164 | D:8      | Found Dethiylesh's Firing Range.
 10225 | D:8      | Found a sand-covered staircase.
 10233 | Ossuary  | Entered an ossuary
 11299 | D:7      | Paralysed by a hornet for 3 turns
 11301 | D:7      | Mangled by a hornet

Illustrated notes

Levels and vault maps discovered:
D:1:      ebering_trefoil_3fold, layout_basic
D:2:      kb_forest_paths, layout_loops_ring, basic_altar, serial_glass,
          glass_columns_a, glass_columns_b
D:3:      layout_basic, gammafunk_ghost_cemetery, grunt_ministairs_6,
          uniq_robin, uniq_sigmund
D:4:      layout_basic, nemelex_altar_shiori, serial_shops, shop,
          nicolae_shop_crystal, minmay_manual_mail
D:5:      layout_basic, fiery_altar_vehumet, gammafunk_ghost_nasty_kobolds,
          serial_shops, nicolae_diamond_shop, uniq_blork_the_orc
D:6:      cheibrodos_barr_body, layout_rooms,
          mainiacjoe_overflow_small_starburst, ebering_ghost_rock_garden,
          dk_noncrumbling_3
D:7:      layout_loops_ring, minmay_temple_entry_grid
D:8:      layout_cave_pods, enter_ossuary_4, serial_park, serial_park_central
          [serial_park_minivault_5x5_4, serial_park_minivault_5x5_5],
          serial_park_tiny_2, nicolae_shop_firing_range

Skill      XL: |  1  2  3  4  5  6  7  8  9 10 |
---------------+-------------------------------+-----
Unarmed Combat | 3 4 5 |  5.0
Transmutations | 2 3 4 5 |  5.0
Spellcasting   | 3 4 5 6 |  6.6
Stealth        | 2 |  2.0
Fighting       | 3 6 9 |  9.0
Dodging        | 2 3 6 8 9 |  9.0
Invocations    | 2 |  2.0
Poison Magic   | 2 |  2.0
Ice Magic      | 1 2 3 |  3.0

Action                   |  1- 3 |  4- 6 |  7- 9 | 10-12 || total
-------------------------+-------+-------+-------+-------++-------
Melee: Unarmed           |    99 |   104 |   150 |   109 ||   462
       Kick              |    18 |     7 |       |       ||    25
       Headbutt          |    12 |     7 |       |       ||    19
       Punch             |     3 |     1 |       |       ||     4
 Fire: Hunting sling     |     3 |    44 |    74 |    30 ||   151
Throw: Stone             |     3 |     1 |       |       ||     4
 Cast: Beastly Appendage |    24 |    16 |     1 |       ||    41
       Wereblood         |     4 |     2 |       |       ||     6
       Spider Form       |     2 |    16 |    26 |    13 ||    57
       Ice Form          |       |       |     5 |       ||     5
 Abil: End Transformatio |       |       |     5 |       ||     5
Evoke: Wand              |       |       |     2 |     1 ||     3
  Use: Scroll            |       |     7 |     4 |     6 ||    17
       Potion            |       |     2 |       |     1 ||     3
 Stab: Sleeping          |       |     1 |       |     2 ||     3
       Distracted        |       |     1 |       |       ||     1
Armor: Robe              |    38 |    22 |     2 |     4 ||    66
       Skin              |       |     3 |    22 |     7 ||    32
Dodge: Dodged            |    49 |    77 |   107 |    85 ||   318
